 Dungeon Crawl Stone Soup version 0.24.0-123-gd5b16e6ec5 (webtiles) character file.

Game seed: 4643252814785954399, levelgen mode: deterministic

47 Norian the Conjurer (level 3, -38/19 HPs)
             Began as a Deep Elf Conjurer on Dec 22, 2019.
             Killed from afar by an adder (44 damage)
             ... with an exploding inner flame
             ... hexed by the player character
             ... on level 3 of the Dungeon.
             The game lasted 00:02:27 (795 turns).

Norian the Conjurer (Deep Elf Conjurer)              Turns: 795, Time: 00:02:28

Health: -38/19     AC:  2    Str:  6    XL:     3   Next: 48%
Magic:  1/10       EV: 28    Int: 19    God:
Gold:   27         SH:  0    Dex: 15    Spells: 9/10 levels left

rFire    . . .     SeeInvis .   d - +0 club
rCold    . . .     Gourm    .   (no shield)
rNeg     . . .     Faith    .   a - +0 robe
rPois    .         Spirit   .   (no helmet)
rElec    .         Reflect  .   (no cloak)
rCorr    .         Harm     .   (no gloves)
MR       .....                  (no boots)
Stlth    ++........             b - amulet of the acrobat
HPRegen  0.06/turn              (no ring)
MPRegen  0.12/turn              (no ring)

@: acrobat, very slightly contaminated
A: no striking features
a: no special abilities


You were on level 3 of the Dungeon.
You were not hungry.

You visited 1 branch of the dungeon, and saw 3 of its levels.

You collected 27 gold pieces.

Inventory:

Hand Weapons
 d - a +0 club (weapon)
Armour
 a - a +0 robe (worn)
Jewellery
 b - an amulet of the acrobat (around neck)
Scrolls
 j - a scroll of enchant weapon {unknown}
 k - a scroll of amnesia {unknown}
Potions
 f - a potion of lignification {unknown}
 h - a potion of heal wounds
 l - a potion of degeneration {unknown}
Comestibles
 c - 2 rations


   Skills:
 - Level 2.4 Dodging
 - Level 2.4 Stealth
 + Level 4.3 Spellcasting
 + Level 5.1 Conjurations


You had 9 spell levels left.
You knew the following spells:

 Your Spells              Type           Power        Failure   Level  Hunger
a - Magic Dart            Conj           ###.         1%          1    None

Your spell library contained the following spells:

 Spells                   Type           Power        Failure   Level  Hunger
 Searing Ray              Conj           ###...       2%          2    #......
 Dazzling Spray           Conj/Hex       ##....       14%         3    ###....
 Iskenderun's Mystic Bla  Conj           ###.....     16%         4    ####...
 Force Lance              Conj/Tloc      ##......     41%         4    ####...
 Fulminant Prism          Conj/Hex       ##........   41%         4    ####...


Dungeon Overview and Level Annotations

Branches:
Dungeon (3/15)

Altars:

Annotations:
D:2 Sigmund


Message History

As you read the scroll of immolation, it crumbles to dust.
The creatures around you are filled with an inner flame!
The bat closely misses you. The adder completely misses you.
The adder bites you but does no damage. The adder completely misses you.
The bat completely misses you. The adder completely misses you.
The orc barely misses you.
Casting: Magic Dart (safe; 1% risk of failure)
Confirm with . or Enter, or press ? or * to list all spells.
Aiming: Magic Dart (safe; 1% risk of failure)
Press: ? - help, Shift-Dir - straight line, f - bat, p - jackal
Aim: a bat (inner flame)
The magic dart hits the bat.
The bat explodes!
The fiery explosion engulfs the adder!!
The adder explodes!
The fiery explosion engulfs the adder!!!
The adder explodes!
The fiery explosion engulfs you!!!
Ouch! That really hurt!
You die...

...# ##..
########
#...##......##
.#..........##
#.?...†.<...[#
#............#
#........§§§..#
.........§§§§.%#
.##[.......@§h†.#
<
#.........oo..##
..........o....#
.#......o....#
#....$......#
...%........#
##..........#
##........##
##......##


You could see 4 orcs and a jackal (inner flame).

Vanquished Creatures
  An adder (D:2)
  An ooze (D:1)
  2 dart slugs
  A leopard gecko (D:3)
  3 bats
  4 giant cockroaches (D:1)
  8 hobgoblins
  A jackal (D:3)
  3 frilled lizards (D:1)
  4 rats
28 creatures vanquished.

Notes
Turn   | Place    | Note
-------+----------+-------------------------------------------
     0 | D:1      | Norian the Deep Elf Conjurer began the quest for the Orb.
     0 | D:1      | Reached XP level 1. HP: 10/10 MP: 6/6
   168 | D:1      | Reached XP level 2. HP: 4/15 MP: 0/8
   653 | D:2      | Reached skill level 5 in Conjurations
   653 | D:2      | Reached XP level 3. HP: 18/19 MP: 4/10
   714 | D:2      | Noticed Sigmund
   795 | D:3      | Killed from afar by an adder

Levels and vault maps discovered:
D:1:      minmay_arrival_widening_spiral_wide, layout_rooms
D:2:      layout_basic, overflow_temple_1_default, uniq_sigmund
D:3:      cheibrodos_pilgrimage, layout_rooms,
          grunt_temple_overflow_magic_moments, first_ration

Skill      XL: |  1  2 |
---------------+-------+-----
Spellcasting   | 4 |  4.3
Conjurations   | 5 |  5.1
Dodging        | |  2.4
Stealth        | |  2.4

Action                   || total
-------------------------++-------
Melee: Club              ||    15
       Unarmed           ||     1
 Cast: Magic Dart        ||    60
  Use: Scroll            ||     3
       Potion            ||     1
Armor: Robe              ||    12
Dodge: Dodged            ||    63
